 Dungeon Crawl Stone Soup version 0.31.0-32-g396128a36d (webtiles) character file.

Game seed: 793996393587724357

32 monsoonserge the Ruffian (level 3, 0/23 HPs)
             Began as an Octopode Shapeshifter on Apr 8, 2024.
             Slain by an adder (1 damage)
             ... on level 2 of the Dungeon.
             The game lasted 00:02:23 (745 turns).

monsoonserge the Ruffian (Octopode Shapeshifter)     Turns: 745, Time: 00:02:24

Health: 0/23       AC:  1    Str: 15    XL:     3   Next: 27%
Magic:  3/3        EV: 13    Int: 12    God:
Gold:   0          SH:  0    Dex: 11    Spells: 2/2 levels left

rFire   . .          .
                       - Unarmed
rCold   . . .        (no shield)
rNeg    . . .        (helmet currently unavailable)
rPois   .            (no amulet)
rElec   .            (no ring)
rCorr   .            (no ring)
SInv    .            (no ring)
Will    .....        (no ring)
Stlth   +++          (no ring)
HPRegen 0.23/turn    (no ring)
MPRegen 0.08/turn    (no ring)
                     (no ring)

%: no passive effects
@: brilliant, lethally poisoned (0 -> -2), beast-form
A: beast (slay +1), almost no armour, amphibious, 8 rings, camouflage 1,
gelatinous body 1, (nimble swimmer 1), tentacles
a: Begin Untransformation


You were on level 2 of the Dungeon.
You were a hulking beast.
You visited 1 branch of the dungeon, and saw 2 of its levels.

Inventory:

Talismans
 b - a beast talisman
 c - a flux talisman
Wands
 j - a wand of light (3)
Scrolls
 d - 2 scrolls of identify {unknown}
 h - a scroll of immolation {unknown}
Potions
 a - 2 potions of lignification
 e - a potion of brilliance
 f - a potion of heal wounds {unknown}
 g - 2 potions of resistance {unknown}
 i - a potion of curing {unknown}


   Skills:
 + Level 1.6 Fighting
 + Level 2.4 Dodging
 + Level 1.8 Stealth
 * Level 3.4 Unarmed Combat
 + Level 0.0 Evocations
 - Level 3.0 Shapeshifting


You had 2 spell levels left.
You didn't know any spells.
Your spell library was empty.

Dungeon Overview and Level Annotations

Branches:
Dungeon (2/15)

Altars:


Innate Abilities, Weirdness & Mutations

You are a hulking beast.
Your limbs bulge with bestial killing power. (Slay +1)
You cannot wear most types of armour.
You are amphibious.
You can wear up to eight rings at the same time.
Your skin changes colour to match your surroundings (Stealth+).
Your rubbery body absorbs attacks. (AC +1, EV +1)
((You are camouflaged when in or above water. (Stealth+)))
You have tentacles for arms and can constrict up to eight enemies at once.


Message History

The dart slug launches a dart at you. The slug dart misses you.
You closely miss the adder. Your grab misses the adder.
You feel sick. The adder barely misses you.
You barely miss the adder. Your grab misses the adder.
Your squeeze misses the adder.
You feel sick. The adder barely misses you.
Unknown command.
You barely miss the adder. Your grab misses the adder.
You feel sick. The adder bites you. x2
You completely miss the dart slug. You grab the dart slug.
You constrict the dart slug.
You feel sick.
You are no longer poisoned.
The adder completely misses you. The dart slug closely misses you.
You closely miss the adder. Your grab misses the adder.
You constrict the dart slug. The adder barely misses you.
You barely miss the adder. You grab the adder.
You constrict the adder, but do no damage.
You constrict the dart slug. The adder bites you.
You are poisoned.
The adder poisons you! The dart slug launches a dart at you.
The slug dart hits you.
You barely miss the adder. You squeeze the adder.
The adder is lightly wounded.
You constrict the adder. You constrict the dart slug.
You feel sick. The adder bites you.
* * * LOW HITPOINT WARNING * * *
The dart slug bites you.
* * * LOW HITPOINT WARNING * * *
You tentacle-slap the dart slug.
You kill the dart slug!
You constrict the adder. The adder barely misses you.
The adder closely misses you.
Unknown command.
It was a potion of brilliance.
You feel clever all of a sudden.
You constrict the adder.
* * * LOW HITPOINT WARNING * * *
You feel sick. The adder bites you.
You die...

.. ..## .... . #.# ...
##....# ###.#... .....##
#......# ##
##..#..####.#.##.###
...##.S................#
......#.. .............#
........#####..........#
.......SSh†.#..........#
......#####.....<......#
...##..................#.
g !.....##.....†........
..?##.#..##.#..##.#..#
...#.##..#.##..# ##..#
....##....##.. #.
#.♣♣w.#.♣♣..#.♣♣ ..
♣.#..♣♣.#..♣


You could see 2 adders.

Vanquished Creatures
  A dart slug (D:2)
  5 endoplasms
  2 giant cockroaches (D:1)
  5 goblins (D:1)
  3 hobgoblins (D:1)
  2 jackals (D:1)
  3 ball pythons
  2 bats (D:1)
  3 frilled lizards (D:1)
  2 rats (D:1)
28 creatures vanquished.

Notes
Turn   | Place    | Note
-------+----------+-------------------------------------------
     0 | D:1      | monsoonserge the Octopode Shapeshifter began the quest for
                  | the Orb.
     0 | D:1      | Reached XP level 1. HP: 13/13 MP: 1/1
   143 | D:1      | Found a faded altar of an unknown god.
   219 | D:1      | Reached XP level 2. HP: 18/18 MP: 2/2
   223 | D:1      | Reached skill level 1 in Stealth
   498 | D:1      | Reached XP level 3. HP: 23/23 MP: 3/3
   745 | D:2      | HP: 1/23 [poisoned by an adder]
   745 | D:2      | Slain by an adder

Illustrated notes

Levels and vault maps discovered:
D:1:      dpeg_arrival_tiny_d, layout_loops_ring,
          shapermc_ecumenical_altar_petra
D:2:      layout_rooms, nicolae_eternal_life, uniq_robin

Skill      XL: |  1  2 |
---------------+-------+-----
Stealth        | 1 |  1.8
Fighting       | |  1.6
Dodging        | |  2.4
Unarmed Combat | |  3.4
Shapeshifting  | |  3.0

Action                     || total
---------------------------++-------
  Melee: Unarmed           ||    64
         Constrict         ||    14
         Tentacles         ||     8
         Punch             ||     1
    Use: Potion            ||     1
   Stab: Sleeping          ||     5
 Armour: Skin              ||    26
  Dodge: Dodged            ||    46
